 Dungeon Crawl Stone Soup version 0.21.1-1-g345015f (webtiles) character file.

150 inc the Nimble (level 5, 22/22 HPs)
             Began as a Felid Transmuter on Mar 5, 2018.
             Was an Initiate of Elyvilon.
             Quit the game on level 5 of the Dungeon.
             The game lasted 00:09:20 (5742 turns).

inc the Nimble (Felid Transmuter)                   Turns: 5742, Time: 00:09:20

Health: 22/22      AC:  2    Str:  6    XL:     5   Next: 10%
Magic:  9/9        EV: 23    Int: 16    God:    Elyvilon [......]
Gold:   130        SH:  0    Dex: 17    Spells: 6/8 levels left
                                        Lives:  0   Deaths: 1

rFire    . . .     SeeInvis +     - Unarmed
rCold    . . .     Gourm    .   (shield unavailable)
rNeg     . . .     Faith    .   (armour unavailable)
rPois    .         Spirit   .   (helmet unavailable)
rElec    .         Reflect  .   (cloak unavailable)
rCorr    .         Harm     .   (gloves unavailable)
MR       .....                  (boots unavailable)
Stlth    ++........             (no amulet)
HPRegen  0.07/turn              (no ring)
MPRegen  0.11/turn              (no ring)

@: quick
A: very small, no armour, no weapons or thrown items, stealth, claws 1, fangs 3,
see invisible, carnivore, speed 1, shaggy fur 2, slow metabolism 1, sharp paws
a: Renounce Religion


You were on level 5 of the Dungeon.
You worshipped Elyvilon.
Elyvilon was noncommittal.
You were not hungry.

You visited 2 branches of the dungeon, and saw 6 of its levels.

You collected 130 gold pieces.

Inventory:

Missiles
 a - 21 arrows
Wands
 i - a wand of flame (17)
Scrolls
 d - a scroll of enchant armour {unknown}
 f - a scroll of enchant weapon {unknown}
 j - 2 scrolls of amnesia {unknown}
 k - 2 scrolls of teleportation {unknown}
 o - a scroll of magic mapping {unknown}
 p - a scroll of immolation {unknown}
Potions
 e - a potion of agility
 g - a potion of heal wounds
 h - a potion of degeneration
Books
 b - a book of Changes

   Spells                             Type                      Level
   a - Beastly Appendage              Transmutation                1
   b - Sticks to Snakes               Transmutation                2
   c - Spider Form                    Transmutation/Poison         3
   d - Ice Form                       Ice/Transmutation            4
   e - Blade Hands                    Transmutation                5
 m - a book of Cantrips

   Spells                             Type                      Level
   a - Confusing Touch                Hexes                        1
   b - Animate Skeleton               Necromancy                   1
   c - Summon Small Mammal            Summoning                    1
   d - Apportation                    Translocation                1
 n - the Tome of Boosting Envenoming
   (You found it on level 4 of the Dungeon)

   Spells                             Type                      Level
   a - Infusion                       Charms                       1
   b - Sting                          Conjuration/Poison           1
   c - Song of Slaying                Charms                       2
   d - Swiftness                      Charms/Air                   2
   e - Ignite Poison                  Fire/Transmutation/Poison    3
   f - Deflect Missiles               Charms/Air                   6
Comestibles
 c - 2 rations


   Skills:
 - Level 1.0 Fighting
 - Level 8.0 Dodging
 + Level 3.4 Unarmed Combat
 - Level 2.0 Spellcasting
 - Level 1.4 Hexes
 - Level 2.1 Transmutations


You had 6 spell levels left.
You knew the following spells:

 Your Spells              Type           Power        Failure   Level  Hunger
a - Beastly Appendage     Tmut           #.....       9%          1    #......
b - Confusing Touch       Hex            #.....       12%         1    #......


Dungeon Overview and Level Annotations

Branches:
Dungeon (5/15)             Temple (1/1) D:4

Altars:
Ashenzari
Cheibriados
Dithmenos
Elyvilon
Kikubaaqudgha
Makhleb
Nemelex Xobeh
Okawaru
Qazlal
Sif Muna
Uskayaw
Xom
Zin
The Shining One


Innate Abilities, Weirdness & Mutations

You cannot wear armour.
You are incapable of wielding weapons or throwing items.
Your paws allow you to move quietly. (Stealth)
You have sharp claws.
You have razor-sharp teeth.
You have supernaturally acute eyesight. (SInv)
You are carnivorous and can eat meat at any time.
You cover ground quickly.
You are covered in thick fur. (AC +2)
You have a slow metabolism.
Your sharp claws are effective at attacking unaware monsters.


Message History

Confirm with . or Enter, or press ? or * to list all spells.
You grow a pair of large bovine horns.
The worker ant seems less confused.
The orc wizard gestures wildly while chanting.
The orc wizard blinks!
You closely miss the worker ant.
The worker ant is lightly wounded.
The orc wizard casts a spell.
The orc wizard blinks!
The worker ant bites you but does no damage.
You scratch the worker ant.
The worker ant is moderately wounded.
The worker ant bites you!
You die...
Your shape twists and changes as you die.
You are lethally poisoned!
The worker ant poisons you!
You are now level 5!
Your horns disappear.
You rejoin the land of the living...
Are you sure you want to abandon this character and quit the game? (Confirm with "yes".)

#... .. ..
#... #. ..
#####... #. .#
........ .#.
###.a† # ...
#....
...####.######
#..§.
#............#
.......
#....@.#
........
##.###..#
...##... #...#
##....## ##.#
#.### .. # ..
#


There were no monsters in sight!

Vanquished Creatures
  An ogre (D:4)
  A worker ant (D:5)
  6 gnolls
  3 adders
  An ooze (D:2)
  An adder skeleton (D:4)
  A worm (D:2)
  3 dart slugs
  2 leopard geckos (D:2)
  2 orcs
  2 ball pythons (D:3)
  3 bats
  3 giant cockroaches
  11 goblins
  4 hobgoblins
  14 jackals
  7 frilled lizards
  5 kobolds
  15 rats
85 creatures vanquished.

Notes
Turn   | Place    | Note
-------+----------+-------------------------------------------
     0 | D:1      | inc the Felid Transmuter began the quest for the Orb.
     0 | D:1      | Reached XP level 1. HP: 9/9 MP: 4/4
    26 | D:1      | Reached skill level 3 in Dodging
   389 | D:1      | Reached XP level 2. HP: 12/12 MP: 6/6
   493 | D:1      | Reached skill level 4 in Dodging
  1309 | D:2      | Reached XP level 3. HP: 9/15 MP: 7/7
  1426 | D:2      | Found a faded altar of an unknown god.
  1479 | D:2      | Reached skill level 5 in Dodging
  1653 | D:2      | Found a sparkling altar of Nemelex Xobeh.
  2101 | D:2      | Found an ancient bone altar of Kikubaaqudgha.
  2365 | D:3      | Reached XP level 4. HP: 15/19 MP: 6/8
  2424 | D:3      | Reached skill level 6 in Dodging
  3724 | D:4      | Noticed an ogre
  3771 | D:3      | Learned a level 1 spell: Confusing Touch
  3884 | D:3      | Reached skill level 1 in Hexes
  3884 | D:3      | Reached XP level 5. HP: 22/22 MP: 7/9
  3933 | D:4      | Found a shadowy altar of Dithmenos.
  3959 | D:4      | Identified the Tome of Boosting Envenoming
  4266 | D:4      | Killed an ogre
  4266 | D:4      | Reached skill level 7 in Dodging
  4480 | D:4      | Found a shattered altar of Ashenzari.
  4519 | D:4      | Found a staircase to the Ecumenical Temple.
  4528 | Temple   | Entered the Ecumenical Temple
  4592 | Temple   | Became a worshipper of Elyvilon the Healer
  5010 | D:3      | Reached skill level 8 in Dodging
  5468 | D:4      | Gained mutation: You are covered in thick fur. (AC +2) [Felid growth]
  5468 | D:4      | Reached XP level 6. HP: 25/25 MP: 8/10
  5623 | D:5      | Entered Level 5 of the Dungeon
  5741 | D:5      | Slain by a worker ant
  5742 | D:5      | Reached XP level 5. HP: 0/22 MP: 9/9
  5742 | D:5      | Quit the game

Skill      XL: |  1  2  3  4  5 |
---------------+----------------+-----
Dodging        | 3 4 5 6 8 |  8.0
Hexes          | 1 |  1.4
Fighting       | |  1.0
Unarmed Combat | |  3.4
Spellcasting   | |  2.0
Transmutations | |  2.1

Action                   |  1- 3 |  4- 6 || total
-------------------------+-------+-------++-------
Melee: Unarmed           |   135 |   215 ||   350
       Bite              |    14 |    20 ||    34
       Headbutt          |     7 |    15 ||    22
       Punch             |     2 |     2 ||     4
 Cast: Beastly Appendage |     8 |    10 ||    18
       Confusing Touch   |       |    17 ||    17
  Use: Scroll            |       |     4 ||     4
       Potion            |       |     1 ||     1
 Stab: Sleeping          |     6 |     1 ||     7
       Confused          |       |     7 ||     7
  Eat: Chunk             |     4 |    13 ||    17
Armor: Skin              |     3 |     9 ||    12
Dodge: Dodged            |    89 |   182 ||   271
